 Dungeon Crawl Stone Soup version 0.21-a0-442-g848f44b (webtiles) character file.

29 slep the Skirmisher (level 3, -1/33 HPs)
             Began as a Hill Orc Berserker on Nov 16, 2017.
             Was a Follower of Trog.
             Slain by an adder (4 damage)
             ... on level 2 of the Dungeon.
             The game lasted 00:02:05 (561 turns).

slep the Skirmisher (Hill Orc Berserker)             Turns: 561, Time: 00:02:05

Health: -1/33      AC:  2    Str: 19    XL:     3   Next: 16%
Magic:  3/3        EV:  7    Int:  7    God:    Trog [*.....]
Gold:   61         SH: 11    Dex: 11    Spells: 2/2 levels left

rFire    . . .     SeeInvis .   a - +0 falchion
rCold    . . .     Gourm    .   k - +0 large shield
rNeg     . . .     Faith    .   b - +0 animal skin
rPois    .         Spirit   .   (no helmet)
rElec    .         Reflect  .   (no cloak)
rCorr    .         Harm     .   (no gloves)
MR       .....                  (no boots)
Stlth    +.........             (no amulet)
HPRegen  0.11/turn              (no ring)
MPRegen  0.08/turn              (no ring)

@: lethally poisoned (-1 -> -5)
A: no striking features
a: Berserk, Burn Spellbooks, Renounce Religion


You were on level 2 of the Dungeon.
You worshipped Trog.
Trog was aware of your devotion.
You were not hungry.

You visited 1 branch of the dungeon, and saw 2 of its levels.

You collected 61 gold pieces.

Inventory:

Hand Weapons
 a - a +0 falchion (weapon)
 i - a +0 flail
Armour
 b - a +0 animal skin (worn)
 k - a +0 large shield (worn)
Scrolls
 d - a scroll of fog {unknown}
 e - 2 scrolls of identify {unknown}
 h - a scroll of fear {unknown}
Potions
 j - a potion of lignification {unknown}
 l - a potion of curing {unknown}
Comestibles
 c - 2 bread rations
 f - 4 fruits
 g - a royal jelly


   Skills:
 + Level 4.2 Fighting
 + Level 3.9 Long Blades
 + Level 2.3 Armour
 + Level 1.8 Dodging


You had 2 spell levels left.
You didn't know any spells.

Dungeon Overview and Level Annotations

Branches:
Dungeon (2/15)

Altars:


Message History

The adder is moderately wounded.
You feel sick. You block the adder's attack. The adder bites you.
You closely miss the adder.
The adder is moderately wounded.
You block the adder's attack.
You hit the adder.
The adder is heavily wounded.
You feel sick. The adder bites you.
* * * LOW HITPOINT WARNING * * *
You are more poisoned.
The adder poisons you! The adder bites you.
* * * LOW HITPOINT WARNING * * *
You barely miss the adder.
The adder is heavily wounded.
You block the adder's attack. x2
You closely miss the adder.
The adder is heavily wounded.
* * * LOW HITPOINT WARNING * * *
You feel sick. The adder bites you.
You die...

#.#..#..#.# #.#
#####.#.....#.#
#.#
........###.#.#
#.# #####...#
#.#.####.#
#####...#
#........######
..).....#
###......(....#
######..#
###.........#
........#
#.#########
###.###.#
#.@S......
>.......#
##########
###.###.# ###
###


You could see an adder.

Vanquished Creatures
  2 adders (D:2)
  A ball python (D:1)
  3 giant cockroaches
  A hobgoblin (D:2)
  A bat (D:2)
  A frilled lizard (D:2)
  2 kobolds (D:2)
  2 rats (D:1)
13 creatures vanquished.

Notes
Turn   | Place    | Note
-------+----------+-------------------------------------------
     0 | D:1      | slep the Hill Orc Berserker began the quest for the Orb.
     0 | D:1      | Reached XP level 1. HP: 19/19 MP: 1/1
   117 | D:2      | Reached skill level 4 in Fighting
   117 | D:2      | Reached XP level 2. HP: 20/27 MP: 2/2
   457 | D:2      | Reached XP level 3. HP: 24/33 MP: 3/3
   561 | D:2      | Slain by an adder

Vault maps used:
D:1:      noname_arrival_rooms_in_the_neighbourhood, minmay_tripent
D:2:      first_bread

Skill      XL: |  1 |
---------------+----+-----
Fighting       | 4 |  4.2
Long Blades    | |  3.9
Armour         | |  2.3
Dodging        | |  1.8

Action                   || total
-------------------------++-------
Melee: Falchion          ||    58
 Stab: Sleeping          ||     1
Armor: Animal skin       ||     7
Dodge: Dodged            ||    30
Block: Large shield      ||    22
       Rpst.: Falchion   ||     8

Table legend:
 A = Spawn XP
 B = Non-spawn XP
 C = Spawn XP percentage of total XP
 D = Spawn monster count
 E = Non-spawn monster count
 F = Spawn count percentage of total count
 G = Total turns spent on level
                    A         B        C        D         E        F      G
               +---------+---------+-------+---------+---------+-------+---------
         Total |       0 |      42 |   0.0 |       0 |      13 |   0.0 |   561
               +---------+---------+-------+---------+---------+-------+---------
           D:1 |       0 |       6 |   0.0 |       0 |       4 |   0.0 |    38
           D:2 |       0 |      36 |   0.0 |       0 |       9 |   0.0 |   523
               +---------+---------+-------+---------+---------+-------+---------
